 Dungeon Sprint DCSS version 0.30-a0-870-gc5d4c5acee (webtiles) character file.

Game seed: 13621780143143333959

203 rocky1 the Covert (level 5, -3/29 HPs)
             Began as a Vine Stalker Brigand on Mar 12, 2023.
             Was an Initiate of Okawaru.
             Slain by a spriggan
             ... wielding a +0 short sword
              (9 damage)
             ... in the Dungeon (Sprint IV: "Fedhas' Mad Dash").
             The game lasted 00:02:14 (246 turns).

rocky1 the Covert (Vine Stalker Brigand)             Turns: 246, Time: 00:02:14

Health: -3/29      AC:  3    Str: 14    XL:     5   Next: 81%
Magic:  0/6        EV: 12    Int: 11    God:    Okawaru [......]
Gold:   47         SH:  0    Dex: 17    Spells: 4/4 levels left

rFire   . . .      SeeInvis .    a - +2 dagger
rCold   . . .      Faith    .    (no shield)
rNeg    . . .      Spirit   +    b - +0 robe
rPois   .          Reflect  .    (no helmet)
rElec   .          Rampage  .    c - +0 cloak
rCorr   .          NoTele   +    (no gloves)
Will    .....                    (no boots)
Stlth   +++++                    k - amulet of invisibility {+Inv}
HPRegen 1.04/turn                (no ring)
MPRegen 0.10/turn                (no ring)

@: very slightly contaminated, invisible
A: fangs 2, regeneration 1, magic shield, antimagic bite, no potion heal 2
a: Renounce Religion, Evoke Invisibility


You were in the Dungeon.
You worshipped Okawaru.
Okawaru was noncommittal.
You visited 1 branch You collected 47 gold pieces.

Inventory:

Hand Weapons
 a - a +2 dagger (weapon)
Missiles
 d - 9 poisoned darts (quivered)
Armour
 b - a +0 robe (worn)
 c - a +0 cloak (worn)
Jewellery
 k - the amulet of invisibility (around neck) {+Inv}
   (You found it in the Dungeon)

   [amulet of nothing]

   +Inv:      It lets you turn invisible.
 m - an amulet of the acrobat
Scrolls
 j - a scroll of blinking
 l - a scroll of identify {unknown}
Potions
 f - a potion of curing
 g - a potion of haste
 h - 2 potions of magic
 i - a potion of berserk rage


   Skills:
 + Level 3.8 Fighting
 + Level 4.7 Short Blades
 - Level 3.1 Throwing
 + Level 1.8 Dodging
 * Level 12.1 Stealth
 + Level 0.8 Invocations
 + Level 1.5 Evocations


You had 4 spell levels left.
You didn't know any spells.
Your spell library was empty.

Dungeon Overview and Level Annotations

Branches:
Dungeon (1/1)

Altars:
Cheibriados
Dithmenos
Elyvilon
Gozag
Hepliaklqana
Kikubaaqudgha
Makhleb
Nemelex Xobeh
Okawaru
Qazlal
Ru
Sif Muna
Trog
Uskayaw
Vehumet
Wu Jian
Xom
Yredelemnul
Zin
The Shining One
Jiyva
Lugonu


Innate Abilities, Weirdness & Mutations

You have extremely sharp teeth.
Your natural rate of healing is unusually fast.
When hurt, damage is shared between your health and your magic reserves.
Your bite disrupts and absorbs the magic of your enemies.
Potions cannot restore your health.


Message History

You fade into invisibility!
You open the door. 2 spriggans and a scorpion come into view.
Found 35 gold pieces.
You closely miss the spriggan. Your bite misses the spriggan.
The spriggan hits you with a +0 dagger!
Unknown command.
Throw: 3 darts (curare)
Press: ? - help, Q - select action, (/) - cycle Shift-Dir - straight line, f - spriggan
Aim: a spriggan, wielding a +0 dagger, wearing a +0 robe and wearing a +0 buckler (34% to hit)
You throw a curare-tipped dart.
The curare-tipped dart hits the spriggan.
The spriggan is poisoned.
The spriggan convulses.
The spriggan seems to slow down.
The spriggan is lightly wounded.
You hit the spriggan.
The spriggan is severely wounded.
The spriggan hits you but does no damage.
The spriggan blocks your attack.
The spriggan is severely wounded.
The spriggan hits you with a +0 short sword!
You closely miss the spriggan. You bite the spriggan.
You kill the spriggan!
Okawaru accepts your kill. The spriggan closely misses you.
Unknown command.
Throw: 2 darts (curare)
Press: ? - help, Q - select action, (/) - cycle Shift-Dir - straight line, f - spriggan
Aim: a spriggan, wielding a +0 short sword and wearing a +0 robe (34% to hit)
You throw a curare-tipped dart.
The curare-tipped dart misses the spriggan.
The spriggan hits you with a +0 short sword!
* * * LOW HITPOINT WARNING * * *
Throw: dart (curare)
Press: ? - help, Q - select action, (/) - cycle Shift-Dir - straight line, f/p - spriggan
Aim: a spriggan, wielding a +0 short sword and wearing a +0 robe (34% to hit)
You throw a curare-tipped dart.
The curare-tipped dart completely misses the spriggan.
The spriggan hits you with a +0 short sword!
You die...

######################
#.⌠._._._._.⌠.#.@i$.(#
'.._._._._._..'.)#$s$#
#..._._._._...#..# #+#
#.._._._._._..#..#
#._._._._._.⌠.####
###############


You could see a spriggan and a scorpion (asleep).

Vanquished Creatures
  A scorpion (D)
  3 oklob saplings (D)
  A spriggan (D)
  A river rat (D)
  A rat (D)
7 creatures vanquished.

Notes
Turn   | Place    | Note
-------+----------+-------------------------------------------
     0 | D        | rocky1 the Vine Stalker Brigand began the quest for the
                  | Orb.
     0 | D        | Reached XP level 1. HP: 11/11 MP: 2/2
    24 | D        | Reached skill level 6 in Stealth
    24 | D        | Reached XP level 2. HP: 9/15 MP: 1/3
    54 | D        | Noticed an oklob sapling
    56 | D        | Killed an oklob sapling
    57 | D        | Reached skill level 1 in Dodging
    57 | D        | Reached skill level 8 in Stealth
    57 | D        | Reached XP level 3. HP: 19/19 MP: 4/4
    59 | D        | Noticed a scorpion
    59 | D        | Found the amulet of invisibility {+Inv}
    62 | D        | Killed a scorpion
    63 | D        | Reached skill level 10 in Stealth
    63 | D        | Gained mutation: Your natural rate of healing is unusually
                  | fast. [Vine Stalker growth]
    63 | D        | Reached XP level 4. HP: 24/24 MP: 5/5
   186 | D        | Found an opulent altar of Gozag.
   186 | D        | Found a hazy altar of Hepliaklqana.
   186 | D        | Found a burning altar of Makhleb.
   186 | D        | Found a sparkling altar of Nemelex Xobeh.
   186 | D        | Found a snail-covered altar of Cheibriados.
   186 | D        | Found a sacrificial altar of Ru.
   186 | D        | Found a shimmering blue altar of Sif Muna.
   186 | D        | Found a shimmering altar of Xom.
   186 | D        | Found a basalt altar of Yredelemnul.
   187 | D        | Found a viscous altar of Jiyva.
   187 | D        | Found a bloodstained altar of Trog.
   187 | D        | Found an ornate altar of the Wu Jian Council.
   187 | D        | Noticed an oklob sapling priest
   195 | D        | Found an iron altar of Okawaru.
   195 | D        | Found a shadowy altar of Dithmenos.
   195 | D        | Found a glowing silver altar of Zin.
   196 | D        | Found a hide-covered altar of Uskayaw.
   196 | D        | Found an ancient bone altar of Kikubaaqudgha.
   197 | D        | Found a stormy altar of Qazlal.
   197 | D        | Found a glowing golden altar of the Shining One.
   197 | D        | Found a white marble altar of Elyvilon.
   198 | D        | Found a radiant altar of Vehumet.
   198 | D        | Found a corrupted altar of Lugonu.
   201 | D        | Killed an oklob sapling priest
   202 | D        | Reached skill level 11 in Stealth
   202 | D        | Reached XP level 5. HP: 28/28 MP: 6/6
   212 | D        | Became a worshipper of Warmaster Okawaru
   231 | D        | Reached skill level 12 in Stealth
   231 | D        | Reached skill level 1 in Evocations
   246 | D        | Slain by a spriggan

Illustrated notes

Levels and vault maps discovered:
D:        dungeon_sprint_fedhas [sprint_temple]

Skill      XL: |  1  2  3  4  5 |
---------------+----------------+-----
Fighting       | 2 3 |  3.8
Short Blades   | 2 3 4 |  4.7
Throwing       | 2 3 |  3.1
Stealth        | 6 8 10 11 12 | 12.1
Dodging        | 1 |  1.8
Evocations     | 1 |  1.5
Invocations    | |  0.8

Action                     |  1- 3 |  4- 6 || total
---------------------------+-------+-------++-------
  Melee: Dagger            |    17 |     9 ||    26
         Bite              |     5 |     1 ||     6
  Throw: Dart              |       |     3 ||     3
Ability: Evoke Invisibilit |       |     3 ||     3
   Stab: Sleeping          |     2 |     1 ||     3
         Invisible         |       |     1 ||     1
 Armour: Robe              |     4 |     1 ||     5
  Dodge: Dodged            |     9 |     1 ||    10

Table legend: (Time is in decaauts)
 A = Elapsed time spent in this place.
 B = Non-inter-level travel time spent in this place.
 C = Inter-level travel time spent in this place.
 D = Time resting spent in this place.
 E = Time spent auto-exploring this place.
 F = Levels seen in this place.
 G = Mean time per level.
                   A        B        C        D        E       F      G
               +--------+--------+--------+--------+--------+-----+--------+
         Total |    242 |    242 |      0 |    113 |      0 |   1 |  242.0 |
       Dungeon |    242 |    242 |      0 |    113 |      0 |   1 |  242.0 |
               +--------+--------+--------+--------+--------+-----+--------+

Top non-repeatable levels by time:
       D: 242 daAuts
